 Dungeon Crawl Stone Soup version 0.30-a0-1053-gbd8d5ba0ad (webtiles) character file.

Game seed: 3713950457374282002

364 qeuew the Ruffian (level 6, -7/61 HPs)
             Began as a Troll Fighter on Apr 11, 2023.
             Splashed by a jelly's acid (11 damage)
             ... on level 4 of the Dungeon.
             The game lasted 00:02:46 (2241 turns).

qeuew the Ruffian (Troll Fighter)                   Turns: 2241, Time: 00:02:47

Health: -7/61      AC: -8    Str: 25    XL:     6   Next: 39%
Magic:  5/5        EV:  6    Int:  4    God:
Gold:   138        SH:  8    Dex: 11    Spells: 5/5 levels left

rFire   + . .      SeeInvis .      - Unarmed
rCold   + . .      Faith    .    b - +0 kite shield
rNeg    . . .      Spirit   .    a - +0 robe
rPois   .          Reflect  .    (helmet restricted)
rElec   .          Rampage  .    e - scarf {rC+ rF+}
rCorr   .                        (gloves unavailable)
Will    .....                    (boots unavailable)
Stlth   +                        (no amulet)
HPRegen 1.10/turn                (no ring)
MPRegen 0.09/turn                (no ring)

@: mighty, grasped by roots, corroded, constricted
A: large, unfitting armour, claws 3, regeneration 1, shaggy fur 1, tough skin 1
a: no special abilities


You were on level 4 of the Dungeon.
You visited 1 branch of the dungeon, and saw 4 of its levels.

You collected 138 gold pieces.

Inventory:

Armour
 a - a +0 robe (worn)
 b - a +0 kite shield (worn)
 e - a scarf of resistance (worn)
Jewellery
 i - an amulet of guardian spirit
 l - an amulet of faith
Scrolls
 h - 3 scrolls of silence
 k - a scroll of amnesia
 n - a scroll of identify
 o - a scroll of blinking {unknown}
 p - a scroll of teleportation {unknown}
Potions
 c - 3 potions of might
 d - a potion of curing
 f - 2 potions of attraction {unknown}
 g - a potion of brilliance
 j - a potion of mutation {unknown}
 m - a potion of haste


   Skills:
 + Level 3.4 Fighting
 + Level 3.4 Dodging
 + Level 3.8 Shields
 * Level 4.5 Unarmed Combat


You had 5 spell levels left.
You didn't know any spells.
Your spell library contained the following spells:

 Spells                   Type           Power      Damage    Failure   Level
 Volatile Blastmotes      Fire/Tloc      0%         2d10      99%         3
 Fulminant Prism          Conj/Hex       0%         3d5       100%        4
 Iskenderun's Mystic Bla  Conj/Tloc      0%         2d3       100%        4
 Lee's Rapid Deconstruct  Erth           0%         3d4*      100%        5


Dungeon Overview and Level Annotations

Branches:
Dungeon (4/15)
 Temple: D:4-7

Altars:
Fedhas
Vehumet

Annotations:
D:4 Ijyb


Innate Abilities, Weirdness & Mutations

You are too large for most types of armour.
You have claws for hands.
Your natural rate of healing is unusually fast.
You are covered in fur. (AC +1)
You have tough skin. (AC +1)


Message History

You are too injured to fight recklessly!
You are too injured to fight recklessly!
You are too injured to fight recklessly!
You are too injured to fight recklessly!
You are too injured to fight recklessly!
You are too injured to fight recklessly!
You are too injured to fight recklessly!
You are too injured to fight recklessly!
You are too injured to fight recklessly!
Unknown command.
You are too injured to fight recklessly!
Unknown command.
Okay, then.
You feel better. You block Ijyb's attack. The goblin barely misses you.
The jelly hits you.
You are splashed with acid!
The endoplasm hits you.
* * * LOW HITPOINT WARNING * * *
You feel better. You block Ijyb's attack. The goblin hits you with a +0 dagger.
The jelly hits you.
* * * LOW HITPOINT WARNING * * *
You are splashed with acid!
* * * LOW HITPOINT WARNING * * *
An endoplasm comes into view.
The endoplasm hits you.
* * * LOW HITPOINT WARNING * * *
You feel better.
Ijyb zaps a wand.
The roots erupt in riotous growth!
The grasping roots grab you!
Ijyb is unaffected.
The jelly is unaffected.
The goblin is unaffected.
The endoplasm is unaffected.
The grasping roots constrict you.
* * * LOW HITPOINT WARNING * * *
The goblin completely misses you. You block the endoplasm's attack.
You block the jelly's attack.
You feel very mighty all of a sudden. Ijyb closely misses you.
The grasping roots constrict you.
* * * LOW HITPOINT WARNING * * *
The goblin hits you with a +0 dagger.
* * * LOW HITPOINT WARNING * * *
The jelly hits you.
* * * LOW HITPOINT WARNING * * *
The acid corrodes you!
You are splashed with acid!
You die...

###### ##.....## ##
###..#.. #.....J..
..####.......
#.......###...♣...P....
#.......##..P~~~~~~~♣..
#.......##..~~.~.~.~...
#....... #♣~~~~≈~~~.~♣.
#...g.# #.~~.≈≈≈≈)~...
##...J@###P~~~~~~~~~P..
#.....gJ...♣~~~†~†~~...
#...........P..♣..P...(
#.........[...####.....
#......##....## #>....
##.....####..#####.....
#......#....#...#.....
#......#....)....#....
#..... #^........#....


You could see Ijyb, a jelly, 2 endoplasms and a goblin.

Vanquished Creatures
  Blork the orc (D:4)
  A scorpion (D:4)
  A jelly (D:4)
  2 iguanas
  An orc wizard (D:3)
  2 hound zombies (D:3)
  A gnoll (D:4)
  An adder (D:3)
  An adder skeleton (D:3)
  2 worms
  A dart slug (D:3)
  7 orcs (D:3)
  5 endoplasms
  2 giant cockroaches
  5 hobgoblins
  3 jackals (D:2)
  5 kobolds
  A quokka (D:1)
  4 ball pythons
  A ball python zombie (D:3)
  6 bats
  3 frilled lizards
  8 goblins
  4 rats
68 creatures vanquished.

Vanquished Creatures (others)
  4 withered plants (D:3)
4 creatures vanquished.

Grand Total: 72 creatures vanquished

Notes
Turn   | Place    | Note
-------+----------+-------------------------------------------
     0 | D:1      | qeuew the Troll Fighter began the quest for the Orb.
     0 | D:1      | Reached XP level 1. HP: 22/22 MP: 0/0
    57 | D:1      | Reached XP level 2. HP: 27/29 MP: 1/1
   546 | D:2      | Reached XP level 3. HP: 36/36 MP: 2/2
   589 | D:2      | Found a faded altar of an unknown god.
  1273 | D:3      | Found a blossoming altar of Fedhas.
  1341 | D:3      | Reached skill level 3 in Unarmed Combat
  1341 | D:3      | Reached XP level 4. HP: 16/44 MP: 3/3
  1732 | D:3      | Reached XP level 5. HP: 53/53 MP: 4/4
  2040 | D:4      | Found a radiant altar of Vehumet.
  2043 | D:4      | Noticed Blork the orc
  2052 | D:4      | Killed Blork the orc
  2053 | D:4      | Reached skill level 4 in Unarmed Combat
  2078 | D:4      | Reached XP level 6. HP: 57/61 MP: 5/5
  2093 | D:4      | Identified the +9 mace "Duufa" {spect, Int+2}
  2228 | D:4      | Noticed Ijyb
  2241 | D:4      | Splashed by a jelly's acid

Illustrated notes

Levels and vault maps discovered:
D:1:      wander_arrival_lonely_grave, layout_rooms
D:2:      layout_basic, shapermc_ecumenical_altar_flowoftime,
          columned_hall_lemuel
D:3:      layout_loops_ring, mainiacjoe_overflow_six_doors_small, serial_undead,
          serial_undead_a, serial_undead_f, serial_undead_d, serial_undead_f
D:4:      layout_gridville, kennysheep_mini_moat, minmay_temple_entry_grid,
          serial_bayou_pond_b, uniq_blork_the_orc, uniq_ijyb

Skill      XL: |  1  2  3  4  5 |
---------------+----------------+-----
Shields        | 3 |  3.8
Unarmed Combat | 3 4 |  4.5
Fighting       | 3 |  3.4
Dodging        | 3 |  3.4

Action                     |  1- 3 |  4- 6 || total
---------------------------+-------+-------++-------
  Melee: Unarmed           |   115 |    77 ||   192
    Use: Scroll            |     7 |     1 ||     8
         Potion            |     3 |     4 ||     7
 Armour: Robe              |    30 |    16 ||    46
  Dodge: Dodged            |    32 |    26 ||    58
  Block: Kite shield       |    40 |    34 ||    74

Table legend: (Time is in decaauts)
 A = Elapsed time spent in this place.
 B = Non-inter-level travel time spent in this place.
 C = Inter-level travel time spent in this place.
 D = Time resting spent in this place.
 E = Time spent auto-exploring this place.
 F = Levels seen in this place.
 G = Mean time per level.
                   A        B        C        D        E       F      G
               +--------+--------+--------+--------+--------+-----+--------+
         Total |   2256 |   2156 |    100 |    100 |   1600 |   4 |  564.0 |
       Dungeon |   2256 |   2156 |    100 |    100 |   1600 |   4 |  564.0 |
               +--------+--------+--------+--------+--------+-----+--------+

Top non-repeatable levels by time:
     D:3: 819 daAuts
     D:2: 786 daAuts
     D:1: 445 daAuts
     D:4: 205 daAuts
